 Dungeon Crawl Stone Soup version 0.28.0 (webtiles) character file.

Game seed: 15981850560623668084

4 SnakkuSnakku7 the Sneak (level 1, -2/12 HPs)
             Began as a Tengu Enchanter on Feb 5, 2022.
             Frozen to death by an endoplasm (4 damage)
             ... on level 1 of the Dungeon.
             The game lasted 00:00:17 (194 turns).

SnakkuSnakku7 the Sneak (Tengu Enchanter)            Turns: 194, Time: 00:00:17

Health: -2/12      AC:  2    Str:  8    XL:     1   Next: 60%
Magic:  4/4        EV: 12    Int: 15    God:
Gold:   2          SH:  0    Dex: 14    Spells: 4/4 levels left

rFire   . . .      SeeInvis .   a - +1 dagger
rCold   . . .      Faith    .   (no shield)
rNeg    . . .      Spirit   .   b - +0 robe
rPois   .          Reflect  .   (helmet restricted)
rElec   .          Harm     .   (no cloak)
rCorr   .          Rampage  .   (no gloves)
Will    .....                   (boots unavailable)
Stlth   ++........              (no amulet)
HPRegen 0.04/turn               (no ring)
MPRegen 0.09/turn               (no ring)

@: no status effects
A: beak, talons 3
a: no special abilities


You were on level 1 of the Dungeon.
You visited 1 branch of the dungeon, and saw 1 of its levels.

You collected 2 gold pieces.

Inventory:

Hand Weapons
 a - a +1 dagger (weapon)
Armour
 b - a +0 robe (worn)
Scrolls
 d - a scroll of enchant weapon {unknown}
Potions
 c - a potion of invisibility


   Skills:
 + Level 1.1 Fighting
 - Level 1.1 Short Blades
 - Level 2.1 Dodging
 - Level 3.0 Stealth
 - Level 2.0 Spellcasting
 - Level 2.1 Hexes


You had 4 spell levels left.
You didn't know any spells.
Your spell library contained the following spells:

 Spells                   Type           Power      Damage    Failure   Level
 Ensorcelled Hibernation  Hex/Ice        8%         N/A       22%         2
 Confusing Touch          Hex            8%         N/A       26%         3
 Tukima's Dance           Hex            8%         N/A       26%         3
 Dazzling Flash           Conj/Hex       8%         N/A       38%         3


Dungeon Overview and Level Annotations

Branches:
Dungeon (1/15)

Altars:


Innate Abilities, Weirdness & Mutations

You have a beak for a mouth.
You have claws for feet.


Message History

The bat barely misses you.
The endoplasm quivers.
You hit the endoplasm.
You claw the endoplasm, but do no damage.
Your peck misses the endoplasm.
The endoplasm is moderately wounded.
The endoplasm barely misses you. The bat hits you.
You hit the endoplasm.
The endoplasm is severely wounded.
The bat hits you but does no damage. The endoplasm misses you.
You hit the endoplasm but do no damage.
You claw the endoplasm, but do no damage.
The endoplasm is severely wounded.
The endoplasm quivers.
The endoplasm freezes you.
You are frozen.
* * * LOW HITPOINT WARNING * * *
The bat hits you.
* * * LOW HITPOINT WARNING * * *
The bat hits you but does no damage. The bat misses you.
The bat hits you but does no damage. The bat closely misses you.
The bat hits you but does no damage. The bat hits you.
* * * LOW HITPOINT WARNING * * *
The bat hits you but does no damage.
You barely miss the bat. You claw the bat.
You kill the bat!
You hit the endoplasm but do no damage. You peck the endoplasm.
The endoplasm is almost dead.
The endoplasm hits you but does no damage.
You hit the endoplasm but do no damage.
The endoplasm is almost dead.
The endoplasm closely misses you.
You hit the endoplasm.
You kill the endoplasm!
Your Fighting skill increases to level 1!
The endoplasm freezes you.
You are frozen.
You die...

#.# #.# #.####.#######
.####..........†.#
.......###.#####.#
+#####.#.....(.#.#
.#PPP#.#.(..##.#.#
.#P⌠P#.#.......#.##......#
.#PPP#.#>#..#†.#@##......#
.#####...##....#J##......#
<....'......#.##.##......#
.#####.######.##†##......#
.#PPP#.# #.##.##......#
.#P⌠P#.# #.##.##......#
.#PPP#.# #.#....J.....#
+#####.# #.#..........#
.......# #.#..........#


You could see an endoplasm.

Vanquished Creatures
  An endoplasm (D:1)
  2 ball pythons (D:1)
  A bat (D:1)
4 creatures vanquished.

Notes
Turn   | Place    | Note
-------+----------+-------------------------------------------
     0 | D:1      | SnakkuSnakku7 the Tengu Enchanter began the quest for the
                  | Orb.
     0 | D:1      | Reached XP level 1. HP: 10/10 MP: 4/4
   193 | D:1      | Reached skill level 1 in Fighting
   194 | D:1      | Frozen to death by an endoplasm

Illustrated notes

Levels and vault maps discovered:
D:1:      beargit_arrival_greenhouse, layout_basic,
          chequers_ecumenical_altar_simple_redux

Skill      XL: |  1 |
---------------+----+-----
Fighting       | 1 |  1.1
Short Blades   | |  1.1
Dodging        | |  2.1
Stealth        | |  3.0
Spellcasting   | |  2.0
Hexes          | |  2.1

Action                   || total
-------------------------++-------
Melee: Dagger            ||    12
       Kick              ||     4
       Peck              ||     1
Armor: Robe              ||     6
Dodge: Dodged            ||    13
